 Dungeon Crawl Stone Soup version 0.28-a0-565-g7719699fd9 (webtiles) character file.

Game seed: 5534478312675924450

13 Drevant2 the Cudgeller (level 2, -2/24 HPs)
             Began as a Human Cinder Acolyte on Oct 1, 2021.
             Was a High Priest of Ignis.
             Frozen to death by an endoplasm (4 damage)
             ... on level 1 of the Dungeon.
             The game lasted 00:02:20 (601 turns).

Drevant2 the Cudgeller (Human Cinder Acolyte)        Turns: 601, Time: 00:02:21

Health: -2/24      AC:  2    Str: 14    XL:     2   Next: 50%
Magic:  3/3        EV: 11    Int: 14    God:    Ignis [*****.]
Gold:   29         SH:  0    Dex:  8    Spells: 3/3 levels left

rFire   + + .      SeeInvis .   a - -1 mace (flame)
rCold   . . .      Faith    .   (no shield)
rNeg    . . .      Spirit   .   b - +0 robe
rPois   .          Reflect  .   (no helmet)
rElec   .          Harm     .   (no cloak)
rCorr   .          Rampage  .   (no gloves)
Will    .....                   (no boots)
Stlth   +.........              (no amulet)
HPRegen 0.08/turn               e - ring of protection from fire
MPRegen 0.08/turn               (no ring)

@: no status effects
A: no striking features
a: Renounce Religion, Sea of Fire, Foxfire Swarm, Rising Flame


You were on level 1 of the Dungeon.
You worshipped Ignis.
Ignis was extremely pleased with you.
You visited 1 branch of the dungeon, and saw 1 of its levels.

You collected 29 gold pieces.

Inventory:

Hand Weapons
 a - a -1 mace of flaming (weapon)
Armour
 b - a +0 robe (worn)
Jewellery
 e - a ring of protection from fire (left hand)
Scrolls
 c - a scroll of acquirement {unknown}
Potions
 d - a potion of heal wounds {unknown}
 f - a potion of attraction {unknown}


   Skills:
 - Level 3.0 Fighting
 * Level 3.5 Maces & Flails
 - Level 0.4 Dodging
 - Level 1.0 Spellcasting
 + Level 3.1 Fire Magic


You had 3 spell levels left.
You didn't know any spells.
Your spell library contained the following spells:

 Spells                   Type           Power      Damage    Failure   Level
 Scorch                   Fire           18%        2d5       11%         2


Dungeon Overview and Level Annotations

Branches:
Dungeon (1/15)

Altars:


Message History

The frilled lizard barely misses you. The dart slug launches a dart at you.
The slug dart hits you. The frilled lizard closely misses you.
The endoplasm freezes you.
You are frozen.
You are too injured to fight recklessly!
You are too injured to fight recklessly!
You are too injured to fight recklessly!
You are too injured to fight recklessly!
You are too injured to fight recklessly!
You are too injured to fight recklessly!
You closely miss the frilled lizard. The frilled lizard bites you.
The endoplasm closely misses you.
You hit the frilled lizard. You burn the frilled lizard.
You kill the frilled lizard!
The kobold throws a stone.
The stone hits you. The endoplasm misses you.
You hit the kobold. You burn the kobold.
You kill the kobold!
The endoplasm hits you but does no damage.
You hit the kobold. You burn the kobold.
You kill the kobold!
The endoplasm barely misses you.
The endoplasm hits you but does no damage.
Things that are here:
a +0 short sword; 3 stones; a +0 short sword The endoplasm freezes you.
You are frozen.
* * * LOW HITPOINT WARNING * * *
The dart slug launches a dart at you. The slug dart hits you.
* * * LOW HITPOINT WARNING * * *
You completely miss the endoplasm. The endoplasm closely misses you.
The dart slug launches a dart at you. The slug dart misses you.
The endoplasm hits you.
* * * LOW HITPOINT WARNING * * *
You barely miss the endoplasm. The endoplasm freezes you.
You are frozen.
You die...

...#.#..# #.##.#..#
.....#..#####
##.###....... #........#
###.....†.# #####
..........# #...#
..........######)J.#
.......†......w.@..#
####...............#
####..#+#..............
#...........####........
............# ###$.....
............# ......
............# ######
...!........#
..[....>....#


You could see a dart slug and an endoplasm.

Vanquished Creatures
  A bat (D:1)
  An endoplasm (D:1)
  A hobgoblin (D:1)
  2 jackals (D:1)
  3 frilled lizards (D:1)
  3 kobolds (D:1)
  2 rats (D:1)
13 creatures vanquished.

Vanquished Creatures (others)
  10 foxfires (D:1)
10 creatures vanquished.

Grand Total: 23 creatures vanquished

Notes
Turn   | Place    | Note
-------+----------+-------------------------------------------
     0 | D:1      | Drevant2 the Human Cinder Acolyte began the quest for the
                  | Orb.
     0 | D:1      | Reached XP level 1. HP: 18/18 MP: 2/2
   331 | D:1      | Reached XP level 2. HP: 17/24 MP: 3/3
   601 | D:1      | Frozen to death by an endoplasm

Illustrated notes

Levels and vault maps discovered:
D:1:      erik_arrival_orb_chamber, layout_basic

Action                   || total
-------------------------++-------
Melee: Mace              ||    41
Invok: Foxfire Swarm     ||     1
Armor: Robe              ||    12
Dodge: Dodged            ||    24

Table legend: (Time is in decaauts)
 A = Elapsed time spent in this place.
 B = Non-inter-level travel time spent in this place.
 C = Inter-level travel time spent in this place.
 D = Time resting spent in this place.
 E = Time spent auto-exploring this place.
 F = Levels seen in this place.
 G = Mean time per level.
                   A        B        C        D        E       F      G
               +--------+--------+--------+--------+--------+-----+--------+
         Total |    609 |    609 |      0 |    184 |    314 |   1 |  609.0 |
       Dungeon |    609 |    609 |      0 |    184 |    314 |   1 |  609.0 |
               +--------+--------+--------+--------+--------+-----+--------+

Top non-repeatable levels by time:
     D:1: 609 daAuts
